 Dungeon Crawl Stone Soup version 0.32-a0-898-g7811c86cf0 (webtiles) character file.

Game seed: 11354535096060761886

1 KennySheep the Sneak (level 1, 0/18 HPs)
             Began as an Armataur Delver on Apr 5, 2024.
             Succumbed to an adder's poison
             ... on level 5 of the Dungeon.
             The game lasted 00:01:26 (64 turns).

KennySheep the Sneak (Armataur Delver)                Turns: 64, Time: 00:01:27

Health: 0/18       AC:  4    Str: 17    XL:     1   Next: 16%
Magic:  1/1        EV:  8    Int: 10    God:
Gold:   21         SH:  0    Dex: 11    Spells: 0/0 levels left

rFire   . . .        a - +0 short sword
rCold   . . .        (no shield)
rNeg    . . .        b - +0 leather armour
rPois   .            (no helmet)
rElec   .            (no cloak)
rCorr   .            (no gloves)
SInv    .            (no barding)
Will    .....        (no amulet)
Stlth   +++          (no ring)
HPRegen 0.23/turn    (no ring)
MPRegen 0.07/turn

%: roll
@: lethally poisoned (0 -> -1)
A: large, deformed body, tough skin 3, armoured tail, rollpage 1
a: no special abilities


You were on level 5 of the Dungeon.
You visited 1 branch of the dungeon, and saw 1 of its levels.

You collected 21 gold pieces.

Inventory:

Hand Weapons
 a - a +0 short sword (weapon)
Armour
 b - a +0 leather armour (worn)
Jewellery
 h - an amulet of the acrobat
Wands
 g - a wand of digging (3)
Scrolls
 c - a scroll of fog
 d - a scroll of revelation
Potions
 f - a potion of haste


   Skills:
 + Level 2.7 Fighting
 * Level 1.8 Short Blades
 - Level 1.3 Dodging
 * Level 5.5 Stealth


You couldn't memorise any spells.
You didn't know any spells.
Your spell library was empty.

Dungeon Overview and Level Annotations

Branches:
Dungeon (5/15)
 Temple: D:4-7

Altars:


Innate Abilities, Weirdness & Mutations

Armour fits poorly on your strangely shaped body.
You have extremely tough skin. (AC +3)
You have a long armoured tail.
You regenerate magic when rolling toward enemies. (Rampage MPRegen)


Message History

The adder hisses angrily.
You roll towards the quokka!
The quokka closely misses you.
You closely miss the quokka.
You tail-slap the quokka, but do no damage.
The adder misses you. The quokka closely misses you.
The adder bites you but does no damage.
You hit the quokka.
Your tail-slap misses the quokka.
The quokka is almost dead.
The quokka bites you but does no damage.
The adder bites you.
You are poisoned.
The adder poisons you!
You closely miss the quokka.
The quokka is almost dead.
You feel sick. The quokka bites you. The adder bites you.
You are lethally poisoned!
The adder poisons you! The quokka barely misses you.
You completely miss the quokka.
The quokka is almost dead.
You feel sick. The adder bites you but does no damage.
The quokka bites you but does no damage.
You hit the quokka.
You kill the quokka!
You feel sick. The adder barely misses you.
You hit the adder.
Your tail-slap misses the adder.
The adder is lightly wounded.
* * * LOW HITPOINT WARNING * * *
You feel sick.
The adder bites you but does no damage. x2
Okay, then.
As you read the scroll of fear, it crumbles to dust.
You assume a fearsome visage.
The adder looks frightened!
* * * LOW HITPOINT WARNING * * *
You feel sick.
* * * LOW HITPOINT WARNING * * *
You feel sick.
* * * LOW HITPOINT WARNING * * *
You feel sick.
* * * LOW HITPOINT WARNING * * *
You feel sick.
You die...

#.........................
#.............$...........
#....S....................
#........[.............(.s
#.........................
#...........).............
#.........................
#..........†..............
#..........@..............
#.............>...........
#........>................
##########################


You could see an adder (fleeing).

Vanquished Creatures
  A quokka (D:5)
1 creature vanquished.

Notes
Turn   | Place    | Note
-------+----------+-------------------------------------------
     0 | D:5      | KennySheep the Armataur Delver began the quest for the Orb.
     0 | D:5      | Reached XP level 1. HP: 18/18 MP: 1/1
    18 | D:5      | Noticed a black bear
    39 | D:5      | Noticed a scorpion
    64 | D:5      | Succumbed to an adder's poison

Illustrated notes

Levels and vault maps discovered:
D:5:      layout_basic, marbit_many_paths, uniq_grinder, uniq_menkaure,
          uniq_crazy_yiuf_cottage

Action                     || total
---------------------------++-------
  Melee: Short sword       ||     6
         Tailslap          ||     1
    Use: Scroll            ||     1
 Armour: Leather armour    ||     9
  Dodge: Dodged            ||     5

Table legend: (Time is in decaauts)
 A = Elapsed time spent in this place.
 B = Non-inter-level travel time spent in this place.
 C = Inter-level travel time spent in this place.
 D = Time resting spent in this place.
 E = Time spent auto-exploring this place.
 F = Levels seen in this place.
 G = Mean time per level.
                   A        B        C        D        E       F      G
               +--------+--------+--------+--------+--------+-----+--------+
         Total |     63 |     63 |      0 |      0 |      0 |   1 |   63.0 |
       Dungeon |     63 |     63 |      0 |      0 |      0 |   1 |   63.0 |
               +--------+--------+--------+--------+--------+-----+--------+

Top non-repeatable levels by time:
     D:5: 63 daAuts
